 Dungeon Crawl Stone Soup version 0.21-a0-529-g8c7b3f5 (webtiles) character file.

426 slep the Chopper (level 6, -2/32 HPs)
             Began as a Vine Stalker Gladiator on Dec 12, 2017.
             Killed themself with a badly aimed iceblast (5 damage)
             ... on level 4 of the Dungeon.
             The game lasted 00:07:48 (1892 turns).

slep the Chopper (Vine Stalker Gladiator)           Turns: 1892, Time: 00:07:51

Health: -2/32      AC:  4    Str: 17    XL:     6   Next: 97%
Magic:  0/7        EV: 13    Int:  8    God:
Gold:   134        SH:  0    Dex: 17    Spells: 5/5 levels left

rFire    . . .     SeeInvis .   a - +0 war axe
rCold    . . .     Gourm    .   (no shield)
rNeg     . . .     Faith    .   b - +0 leather armour
rPois    .         Spirit   +   c - +0 helmet
rElec    .         Reflect  .   (no cloak)
rCorr    .         Harm     .   (no gloves)
MR       .....                  (no boots)
Stlth    ++........             u - amulet of rage
HPRegen  0.50/turn              (no ring)
MPRegen  0.10/turn              (no ring)

@: no status effects
A: fangs 2, regeneration 1, magic shield, antimagic bite, no potion heal 3, rot
immunity
a: Evoke Berserk Rage


You were on level 4 of the Dungeon.
You were hungry.

You visited 1 branch of the dungeon, and saw 4 of its levels.

You collected 134 gold pieces.

Inventory:

Hand Weapons
 a - a +0 war axe (weapon)
Missiles
 l - a throwing net (quivered)
Armour
 b - a +0 leather armour (worn)
 c - a +0 helmet (worn)
Jewellery
 p - an uncursed amulet of the gourmand {unknown}
 q - a cursed ring of loudness {unknown}
 u - an amulet of rage (around neck)
Wands
 r - a wand of random effects (33)
Scrolls
 e - 5 scrolls of fear {unknown}
 g - 3 scrolls of enchant weapon {unknown}
 k - 2 scrolls of amnesia {unknown}
 m - 3 scrolls of identify {unknown}
 n - 2 scrolls of magic mapping {unknown}
 s - 2 scrolls of teleportation {unknown}
Potions
 d - a potion of brilliance {unknown}
 h - a potion of mutation {unknown}
 j - 2 potions of curing {unknown}
 o - 2 potions of agility {unknown}
 v - a potion of magic {unknown}
Comestibles
 f - 7 bread rations
 i - a meat ration
 t - a royal jelly


   Skills:
 + Level 2.6 Fighting
 + Level 5.1 Axes
 + Level 1.9 Throwing
 + Level 2.0 Armour
 + Level 3.5 Dodging
 + Level 1.4 Stealth


You had 5 spell levels left.
You didn't know any spells.

Dungeon Overview and Level Annotations

Branches:
Dungeon (4/15)
 Temple: D:4-7

Altars:
Xom


Innate Abilities, Weirdness & Mutations

You have extremely sharp teeth.
Your natural rate of healing is unusually fast.
When hurt, damage is shared between your health and your magic reserves.
Your bite disrupts and absorbs the magic of your enemies.
Potions cannot restore your health.
You are immune to rotting.


Message History

The orc wizard flickers and vanishes!
Deactivating autopickup; reactivate with Ctrl-A.
You slash the hound!
The hound is almost dead.
The hound barely misses you. The hound misses you.
You hit the hound but do no damage. Your bite misses the hound.
The hound is almost dead.
The hound bites you but does no damage. The hound bites you.
* * * LOW HITPOINT WARNING * * *
Evoke which item? (* to show all) (? for menu, Esc to quit)
Aiming: Random Effects
Press: ? - help, Shift-Dir - straight line, f - hound
Aim: a hound (almost dead)
The mass of ice explodes!
The iceblast engulfs the hound.
You kill the hound!
Your Axes skill increases to level 5!
The iceblast engulfs the orc.
You kill the orc!
The iceblast engulfs you!
You die...

. .. ... ..< . ).
....#o########
....ao{a))@..######
....J#######......##
# ... ######..## ##
. ##..## ###†
##..###... ##.##..##
#..#.## ###....##
#.........#


You could see 2 worker ants, an orc wizard, an ooze and an orc.

Vanquished Creatures
  An ogre (D:4)
  A hound (D:4)
  A bullfrog skeleton (D:4)
  Natasha (thrice) (D:2)
  Terence (D:2)
  An orc wizard (D:3)
  A worker ant (D:4)
  6 adders
  An ooze (D:1)
  3 worms
  3 leopard geckos
  9 orcs
  A ball python (D:3)
  6 bats
  4 giant cockroaches
  7 goblins
  4 hobgoblins
  4 jackals (D:3)
  A frilled lizard (D:2)
  4 kobolds
  A leopard gecko skeleton (D:4)
  4 rats
67 creatures vanquished.

Notes
Turn   | Place    | Note
-------+----------+-------------------------------------------
     0 | D:1      | slep the Vine Stalker Gladiator began the quest for the Orb.
     0 | D:1      | Reached XP level 1. HP: 11/11 MP: 2/2
    97 | D:1      | Reached XP level 2. HP: 12/15 MP: 3/3
   128 | D:1      | Reached skill level 3 in Axes
   581 | D:1      | You fall through a shaft!
   626 | D:2      | Reached XP level 3. HP: 10/18 MP: 2/4
   745 | D:2      | Noticed Terence
   760 | D:2      | Killed Terence
   760 | D:2      | Reached skill level 1 in Armour
   760 | D:2      | Gained mutation: Your natural rate of healing is unusually fast. [Vine Stalker growth]
   760 | D:2      | Reached XP level 4. HP: 4/23 MP: 2/5
   882 | D:2      | Noticed Natasha
   889 | D:2      | Killed Natasha
   948 | D:2      | Noticed Natasha
   957 | D:2      | Killed Natasha
   957 | D:2      | Reached XP level 5. HP: 16/26 MP: 3/6
  1075 | D:2      | Noticed Natasha
  1084 | D:2      | Killed Natasha
  1164 | D:2      | Reached skill level 4 in Axes
  1271 | D:3      | Reached skill level 1 in Stealth
  1428 | D:3      | Found a shimmering altar of Xom.
  1558 | D:3      | Reached XP level 6. HP: 28/30 MP: 2/7
  1892 | D:4      | Reached skill level 5 in Axes
  1892 | D:4      | Killed themself with a badly aimed iceblast

Vault maps used:
D:1:      dpeg_arrival_round_b, serial_bayou_pond_d, hangedman_glass_garden,
          minmay_misc_feat_nine_boxes, amethyst_killhole
D:2:      first_bread, uniq_terence, uniq_natasha
D:3:      lemuel_statue_altar
D:4:      uniq_ijyb

Skill      XL: |  1  2  3  4  5  6 |
---------------+-------------------+-----
Axes           | 3 4 5 |  5.1
Fighting       | 2 |  2.6
Armour         | 1 2 |  2.0
Dodging        | 3 |  3.5
Stealth        | 1 |  1.4
Throwing       | |  1.9

Action                   |  1- 3 |  4- 6 || total
-------------------------+-------+-------++-------
Melee: War axe           |    77 |   138 ||   215
       Bite              |    24 |    41 ||    65
Throw: Throwing net      |     3 |     1 ||     4
 Stab: Sleeping          |     1 |     2 ||     3
  Eat: Chunk             |       |     3 ||     3
Armor: Leather armour    |    23 |    46 ||    69
Dodge: Dodged            |    45 |   103 ||   148

Table legend:
 A = Spawn XP
 B = Non-spawn XP
 C = Spawn XP percentage of total XP
 D = Spawn monster count
 E = Non-spawn monster count
 F = Spawn count percentage of total count
 G = Total turns spent on level
                    A         B        C        D         E        F      G
               +---------+---------+-------+---------+---------+-------+---------
         Total |       0 |     609 |   0.0 |       0 |      67 |   0.0 |  1892
               +---------+---------+-------+---------+---------+-------+---------
           D:1 |       0 |      22 |   0.0 |       0 |       9 |   0.0 |   581
           D:2 |       0 |     196 |   0.0 |       0 |      19 |   0.0 |   679
           D:3 |       0 |     121 |   0.0 |       0 |      29 |   0.0 |   466
           D:4 |       0 |     270 |   0.0 |       0 |      10 |   0.0 |   166
               +---------+---------+-------+---------+---------+-------+---------
